 Dungeon Crawl Stone Soup version 0.26-a0-710-g95a0c6c400 (webtiles) character file.

Game seed: 4105021223821353805

133 Schnaeble the Cudgeler (level 5, -1/33 HPs)
             Began as a Gargoyle Fighter on Oct 31, 2020.
             Was an Initiate of Makhleb.
             Slain by a gnoll
             ... wielding a +0 halberd
              (3 damage)
             ... on level 3 of the Dungeon.
             The game lasted 00:05:53 (2235 turns).

Schnaeble the Cudgeler (Gargoyle Fighter)           Turns: 2235, Time: 00:05:53

Health: -1/33      AC: 15    Str: 20    XL:     5   Next: 16%
Magic:  5/5        EV:  5    Int:  9    God:    Makhleb [......]
Gold:   55         SH:  0    Dex:  9    Spells: 4/4 levels left

rFire    . . .     SeeInvis .   a - +0 flail
rCold    . . .     Faith    .   (no shield)
rNeg     + . .     Spirit   .   n - +0 plate armour
rPois    ∞         Reflect  .   (no helmet)
rElec    +         Harm     .   (no cloak)
rCorr    .         Rampage  .   (no gloves)
MR       .....                  (no boots)
Stlth    ..........             (no amulet)
HPRegen  0.11/turn              f - ring of poison resistance
MPRegen  0.09/turn              (no ring)

@: mighty
A: negative energy resistance 1, electricity resistance, unbreathing,
petrification resistance, rot immunity, AC +4
a: Renounce Religion


You were on level 3 of the Dungeon.
You worshipped Makhleb.
Makhleb was noncommittal.
You visited 1 branch of the dungeon, and saw 3 of its levels.

You collected 55 gold pieces.

Inventory:

Hand Weapons
 a - a +0 flail (weapon)
Armour
 b - a +0 scale mail
 c - a +0 kite shield
 n - a +0 plate armour (worn)
Jewellery
 f - a ring of poison resistance (left hand)
Scrolls
 g - 2 scrolls of enchant armour {unknown}
 h - a scroll of enchant weapon {unknown}
 i - a scroll of identify {unknown}
 j - 2 scrolls of teleportation {unknown}
 k - a scroll of fog {unknown}
 m - a scroll of remove curse {unknown}
Potions
 e - 3 potions of ambrosia {unknown}
 l - a potion of degeneration {unknown}


   Skills:
 + Level 4.1 Fighting
 * Level 4.7 Maces & Flails
 - Level 3.2 Armour
 - Level 3.2 Shields


You had 4 spell levels left.
You didn't know any spells.
Your spell library was empty.

Dungeon Overview and Level Annotations

Branches:
Dungeon (3/15)

Altars:
Gozag
Makhleb
Okawaru


Innate Abilities, Weirdness & Mutations

You are resistant to torment.
Your stone body is resilient. (AC +4)
You are immune to poison.
You resist negative energy. (rN+)
You are resistant to electric shocks. (rElec)
You can survive without breathing.
You are immune to petrification.
You are immune to rotting.


Message History

The gnoll barely misses you. The gnoll hits you but does no damage.
You hit the gnoll.
The gnoll is heavily wounded.
The gnoll completely misses you.
The gnoll hits you from afar with a +0 halberd!
* * * LOW HITPOINT WARNING * * *
The gnoll hits you but does no damage.
You closely miss the gnoll.
The gnoll is heavily wounded.
The gnoll barely misses you. The gnoll closely misses you.
You feel very mighty all of a sudden.
The gnoll hits you from afar with a +0 halberd.
* * * LOW HITPOINT WARNING * * *
The gnoll hits you.
* * * LOW HITPOINT WARNING * * *
You bludgeon the gnoll!!
You kill the gnoll!
Makhleb accepts your kill.
The gnoll hits you from afar with a +0 halberd.
You die...

### #.. ######.######
#......<....##.
#.(.........
#.#.####.### #.#.#
#@#.# #.#.## .#
#g#..## .# #)#...# .#
#_. # #.†#.#.#.# ###
.. #.##.##.##..#...
.. #...........#.##
#.
####.##.#......#####.
#..#.#...#........


You could see a gnoll.

Vanquished Creatures
  2 gnolls (D:3)
  4 adders (D:2)
  An ooze (D:1)
  A worm (D:3)
  3 dart slugs
  4 leopard geckos
  An orc (D:2)
  7 bats
  9 hobgoblins
  3 jackals (D:2)
  A quokka (D:2)
  A ball python (D:2)
  6 frilled lizards
  5 goblins
  6 kobolds
  10 rats
64 creatures vanquished.

Notes
Turn   | Place    | Note
-------+----------+-------------------------------------------
     0 | D:1      | Schnaeble the Gargoyle Fighter began the quest for the Orb.
     0 | D:1      | Reached XP level 1. HP: 14/14 MP: 1/1
   245 | D:1      | Reached XP level 2. HP: 4/19 MP: 2/2
  1083 | D:1      | Reached XP level 3. HP: 24/24 MP: 3/3
  1455 | D:2      | Reached XP level 4. HP: 29/29 MP: 4/4
  1773 | D:2      | Found a burning altar of Makhleb.
  1773 | D:2      | Noticed an Executioner
  1777 | D:2      | Noticed a hellwing
  1777 | D:2      | Noticed a smoke demon
  1779 | D:2      | Became a worshipper of Makhleb the Destroyer
  2115 | D:3      | Found an opulent altar of Gozag.
  2143 | D:3      | Found an iron altar of Okawaru.
  2228 | D:3      | Reached XP level 5. HP: 20/33 MP: 5/5
  2235 | D:3      | Slain by a gnoll

Illustrated notes

Levels and vault maps discovered:
D:1:      lightli_arrival_statue_moat, layout_basic, kennysheep_boxes
D:2:      layout_loops_ring, makhleb_altar_promises_db
D:3:      layout_loops_ring, overflow_temple_1_default,
          kennysheep_vampire_church, okawaru_ov_weapons_minmay,
          chequers_temple_overflow_statue_of_worship, skrybe_limestone_x,
          grunt_qazlal_clouds

Skill      XL: |  1  2  3  4 |
---------------+-------------+-----
Maces & Flails | 3 4 |  4.7
Fighting       | 4 |  4.1
Armour         | |  3.2
Shields        | |  3.2

Action                   |  1- 3 |  4- 6 || total
-------------------------+-------+-------++-------
Melee: Flail             |   178 |   106 ||   284
  Use: Potion            |       |     1 ||     1
Armor: Scale mail        |   177 |    40 ||   217
       Plate armour      |       |     8 ||     8
Dodge: Dodged            |   114 |    63 ||   177
Block: Kite shield       |    61 |       ||    61

Table legend: (Time is in decaauts)
 A = Elapsed time spent in this place.
 B = Non-inter-level travel time spent in this place.
 C = Inter-level travel time spent in this place.
 D = Time resting spent in this place.
 E = Time spent auto-exploring this place.
 F = Levels seen in this place.
 G = Mean time per level.
                   A        B        C        D        E       F      G
               +--------+--------+--------+--------+--------+-----+--------+
         Total |   2309 |   2286 |     23 |    346 |   1157 |   3 |  769.7 |
       Dungeon |   2309 |   2286 |     23 |    346 |   1157 |   3 |  769.7 |
               +--------+--------+--------+--------+--------+-----+--------+

Top non-repeatable levels by time:
     D:1: 1232 daAuts
     D:2: 926 daAuts
     D:3: 151 daAuts
